 Dungeon Crawl Stone Soup version 0.27-a0-1186-g8b4daa1eef (webtiles) character file.

Game seed: 4006973403045961207

4 freelancePsychic the Caller (level 1, 0/10 HPs)
             Began as a Tengu Summoner on May 19, 2021.
             Slain by a quokka (1 damage)
             ... on level 1 of the Dungeon.
             The game lasted 00:01:23 (241 turns).

freelancePsychic the Caller (Tengu Summoner)         Turns: 241, Time: 00:01:23

Health: 0/10       AC:  2    Str:  8    XL:     1   Next: 60%
Magic:  3/4        EV: 12    Int: 15    God:
Gold:   0          SH:  0    Dex: 14    Spells: 3/4 levels left

rFire    . . .     SeeInvis .   b - +0 dagger (venom)
rCold    . . .     Faith    .   (no shield)
rNeg     . . .     Spirit   .   a - +0 robe
rPois    .         Reflect  .   (helmet restricted)
rElec    .         Harm     .   (no cloak)
rCorr    .         Rampage  .   (no gloves)
Will     .....                  (boots unavailable)
Stlth    ++........             (no amulet)
HPRegen  0.03/turn              (no ring)
MPRegen  0.09/turn              (no ring)

@: no status effects
A: beak, talons 3
a: no special abilities


You were on level 1 of the Dungeon.
You visited 1 branch of the dungeon, and saw 1 of its levels.

Inventory:

Hand Weapons
 b - a +0 dagger of venom (weapon)
Armour
 a - a +0 robe (worn)
Scrolls
 c - a scroll of fear {unknown}


   Skills:
 + Level 0.2 Short Blades
 + Level 2.3 Dodging
 - Level 2.0 Stealth
 - Level 2.0 Spellcasting
 - Level 4.8 Summonings
 + Level 0.3 Air Magic


You had 3 spell levels left.
You knew the following spells:

 Your Spells              Type           Power      Damage    Failure   Level
a - Summon Small Mammal   Summ           64%        N/A       3%          1

Your spell library contained the following spells:

 Spells                   Type           Power      Damage    Failure   Level
 Call Imp                 Summ           16%        N/A       4%          2
 Call Canine Familiar     Summ           16%        N/A       9%          3
 Summon Guardian Golem    Hex/Summ       8%         N/A       24%         3
 Summon Lightning Spire   Summ/Air       9%         N/A       58%         4
 Summon Ice Beast         Ice/Summ       8%         N/A       63%         4


Dungeon Overview and Level Annotations

Branches:
Dungeon (1/15)

Altars:


Innate Abilities, Weirdness & Mutations

You have a beak for a mouth.
You have claws for feet.


Message History

The bat barely misses you.
Your bat hits the hobgoblin but does no damage.
The hobgoblin misses your bat.
Your bat barely misses the quokka.
Your bat hits the hobgoblin.
The hobgoblin dies!
The quokka misses your bat. The bat completely misses your bat.
Your bat hits the bat but does no damage.
The bat misses you.
Your bat closely misses the bat.
The bat hits you but does no damage.
Your bat closely misses the quokka.
The quokka bites your bat.
Your bat hits the quokka. The quokka barely misses your bat.
Your bat misses the quokka. The bat hits you but does no damage.
You hit the bat.
The bat is poisoned.
The bat is moderately wounded.
You kill the bat!
Your bat closely misses the quokka.
Your bat hits the quokka but does no damage.
You barely miss the quokka. Your kick misses the quokka.
Your bat hits the quokka but does no damage.
The quokka barely misses you. The rat bites your bat.
Your bat dies!
Your bat's corpse disappears in a puff of smoke!
You closely miss the quokka. Your peck misses the quokka.
The quokka misses you. The quokka barely misses you.
You closely miss the quokka. The quokka bites you.
You barely miss the quokka. Your kick misses the quokka. The quokka bites you.
* * * LOW HITPOINT WARNING * * *
The rat bites you.
* * * LOW HITPOINT WARNING * * *
Casting: Summon Small Mammal (safe; 3% risk of failure)
Confirm with . or Enter, or press ? or * to list all spells.
You don't know that spell.
Casting: Summon Small Mammal (safe; 3% risk of failure)
Confirm with . or Enter, or press ? or * to list all spells.
The quokka bites you but does no damage.
The rat bites you but does no damage. The quokka closely misses you.
Your quokka barely misses the quokka.
Your quokka misses the quokka. The quokka bites you.
You die...

. ........ ...............# .
#....^.# #..........##.. #.
#......# #..........####
#.###......# #........### # .
....#......#####........# ##
...##(................))..# ##.
..............r...........# ##..
......†.......r...........###...
##$...........r@......)...##....
##..#..............÷.....#.....
## #.....####...........##....
#.##..# #..##........###...
#.#..## #.###........# ##..
#.#..# #.. #........# ##.
#.#..##..# #........# ## ...#
#........# # #.## #[.........


You could see a quokka, a rat (ally target) and a friendly quokka (summoned).

Vanquished Creatures
  A bat (D:1)
1 creature vanquished.

Vanquished Creatures (collateral kills)
  3 goblins (D:1)
  A hobgoblin (D:1)
4 creatures vanquished.

Grand Total: 5 creatures vanquished

Notes
Turn   | Place    | Note
-------+----------+-------------------------------------------
     0 | D:1      | freelancePsychic the Tengu Summoner began the quest for the
                  | Orb.
     0 | D:1      | Reached XP level 1. HP: 10/10 MP: 4/4
   241 | D:1      | Slain by a quokka

Illustrated notes

Levels and vault maps discovered:
D:1:      mrwooster_arrival_arrow, layout_rooms,
          hellmonk_ecumenical_altar_inner_sanctum, serial_shops,
          nicolae_shop_crystal, nicolae_shop_behind_doors, nrook_campfire

Action                   || total
-------------------------++-------
Melee: Dagger            ||     8
       Kick              ||     1
 Cast: Summon Small Mamm ||     5
Armor: Robe              ||     8
Dodge: Dodged            ||    16

Table legend: (Time is in decaauts)
 A = Elapsed time spent in this place.
 B = Non-inter-level travel time spent in this place.
 C = Inter-level travel time spent in this place.
 D = Time resting spent in this place.
 E = Time spent auto-exploring this place.
 F = Levels seen in this place.
 G = Mean time per level.
                   A        B        C        D        E       F      G
               +--------+--------+--------+--------+--------+-----+--------+
         Total |    240 |    240 |      0 |      0 |    191 |   1 |  240.0 |
       Dungeon |    240 |    240 |      0 |      0 |    191 |   1 |  240.0 |
               +--------+--------+--------+--------+--------+-----+--------+

Top non-repeatable levels by time:
     D:1: 240 daAuts
